 Dungeon Sprint DCSS version 0.21.2 (webtiles) character file.

99082 sanboga the Executioner (level 16, -7/135 HPs)
             Began as a Gargoyle Berserker on Nov 26, 2018.
             Was the Champion of Trog.
             Mangled by a wandering mushroom (8 damage)
             ... summoned by a curse toe
             ... in the Dungeon (Sprint II: "The Violet Keep of Menkaure") on Nov 29, 2018.
             The game lasted 00:19:45 (5292 turns).

sanboga the Executioner (Gargoyle Berserker)        Turns: 5292, Time: 00:19:45

Health: -7/135     AC: 51    Str: 32    XL:     16   Next: 24%
Magic:  0/26       EV:  2    Int: 17    God:    Trog [******]
Gold:   1629       SH:  0    Dex:  2    Spells: 15/15 levels left

rFire    + . .     SeeInvis .   a - +5 executioner's axe (holy)
rCold    + + .     Gourm    .   (shield currently unavailable)
rNeg     + . .     Faith    .   w - +1 gold dragon scales
rPois    ∞         Spirit   +   e - +3 hat of Pondering {ponderous, MR+ MP+10 Int+5}
rElec    +         Reflect  .   q - scarf {cloud immunity}
rCorr    .         Harm     .   u - +3 pair of gauntlets of War {Slay+5}
MR       ++...     Rnd*Rage +   (no boots) Stlth ..........NoTele +
                                g - amulet of guardian spirit
HPRegen  0.32/turn              r - +4 ring of protection
MPRegen  0.20/turn              f - ring "Qenkui" {rC+ Str+5 Int+3 Dex-3 Stlth+}

@: confused, berserk cooldown, flying, slowed, lost dexterity, very slow
A: big wings, beak, horns 1, slimy green scales 1, berserk 1, clumsy 2, negative
energy resistance 1, sense surroundings 1, robust 1, electricity resistance,
unbreathing, petrification resistance, rot immunity, subdued magic 1, AC +12
0: Orb of Zot
a: Stop Flying, Berserk, Trog's Hand, Brothers in Arms, Burn Spellbooks,
Renounce Religion


You were in the Dungeon.
You worshipped Trog.
Trog was exalted by your worship.
You were very hungry.

You visited 1 branch You collected 5356 gold pieces.
You spent 3727 gold pieces at shops.

Inventory:

Hand Weapons
 a - a +5 executioner's axe of holy wrath (weapon)
 j - the +8 frozen axe "Frostbite" {freezing cloud, *Noise +Fly rC+}
   (You acquired it in the Dungeon)

   It has been specially enchanted to freeze those struck by it, causing extra
   injury to most foes and up to half again as much damage against particularly
   susceptible opponents.
   It can also slow down cold-blooded creatures.
   It protects you from cold.
   It lets you fly.
   It may make noises in combat.
 k - a +7 executioner's axe of flaming
Armour
 e - the +3 hat of Pondering (worn) {ponderous, MR+ MP+10 Int+5}
   (You took it off Gastronok in the Dungeon)

   It affects your intelligence (+5).
   It affects your resistance to hostile enchantments.
   It affects your magic capacity (+10).
 q - a scarf of cloud immunity (worn)
 u - the +3 pair of gauntlets of War (worn) {Slay+5}
   (You found it in the Dungeon)

   It affects your accuracy and damage with ranged weapons and melee attacks
   (+5).
 w - +1 gold dragon scales (worn)
Jewellery
 f - the ring "Qenkui" (right hand) {rC+ Str+5 Int+3 Dex-3 Stlth+}
   (You found it in the Dungeon)

   [ring of strength]

   It affects your strength (+5).
   It affects your intelligence (+3).
   It affects your dexterity (-3).
   It protects you from cold.
   It makes you more stealthy.
 g - an amulet of guardian spirit (around neck)
 n - an uncursed ring of ice
 r - a +4 ring of protection (left hand)
Scrolls
 i - a scroll of blinking
 m - a scroll of identify
 s - 3 scrolls of remove curse
Potions
 b - a potion of might
 h - a potion of invisibility
 l - 3 potions of haste
 o - 3 potions of resistance
 p - 31 potions of mutation
Comestibles
 c - 10 rations


   Skills:
 + Level 22.1 Fighting
 * Level 25.7 Axes
 + Level 22.0 Armour
 - Level 1.5 Dodging


You had 15 spell levels left.
You didn't know any spells.

Dungeon Overview and Level Annotations

Branches:
Dungeon (1/1)

Altars:
Cheibriados
Dithmenos
Elyvilon
Fedhas
Gozag
Hepliaklqana
Kikubaaqudgha
Makhleb
Nemelex Xobeh
Okawaru
Qazlal
Ru
Sif Muna
Trog
Uskayaw
Vehumet
Wu Jian
Xom
Yredelemnul
Zin
The Shining One
Beogh
Jiyva
Lugonu

Shops:
D (:![(?[?![}=(%:*:=%*==:*?


Innate Abilities, Weirdness & Mutations

You are resistant to torment.
Your stone body is resilient. (AC +12)
You are immune to poison.
Your large and strong wings let you fly indefinitely.
You resist negative energy. (rN+)
You are resistant to electric shocks. (rElec)
You can survive without breathing.
You are immune to petrification.
You are immune to rotting.
You have a beak for a mouth.
You have a pair of small horns on your head.
You are partially covered in slimy green scales. (AC +2)
You tend to lose your temper in combat.
You are very clumsy. (Dex -4)
You passively map a small area around you.
You are robust. (+10% HP)
Your spells are a little easier to cast, but a little less powerful.


Message History

You feel a surge of unholy energy.
The Orb Guardian convulses!
The golden eye convulses!
The wandering mushroom releases spores at you but does no damage.
The deathcap releases spores at you but does no damage.
The wandering mushroom releases spores at you but does no damage.
The golden eye blinks!
You hit the curse toe but do no damage.
You headbutt the curse toe, but do no damage.
The curse toe is heavily damaged.
You slice the wandering mushroom!!
You destroy the wandering mushroom!
You hit the wandering mushroom. You slice the deathcap!!
The deathcap convulses!
The golden eye blinks at you.
You are confused.
The deathcap draws from the surrounding life force!
* * * LOW HITPOINT WARNING * * *
The deathcap is healed.
The wandering mushroom releases spores at you!
You die...

###### #[).=#
▓▓▓▓▓▓▓▓▓▓▓▓▓▓▓▓▓▓▓▓▓▓▓▓▓
##.))[##▓.....'z@ffX.♣♣.....♣♣...
........▓.....▓G.f▓f♣♣.^♣.^.♣♣...
[.....[.▓...,§▓f▓▓▓.♣♣..♣♣..♣♣..♣
#⌠....#+▓▓*,,,▓...▓.♣♣..♣♣..♣...♣
##..÷†#,,*▓▓+▓▓▓▓.▓.♣...♣♣......♣
§##†)##,,,+§.§▓...▓..^..▓▓▓▓▓▓▓▓▓
##§...###,#.§§▓▓▓▓▓▓▓▓▓▓▓▓▓▓▓▓▓..
#)≈(...(###.§.▓≈≈≈≈≈≈§≈▓▓▓....▓.'
####(...#.##)}▓▓▓▓▓▓▓▓▓▓▓▓'▓▓.▓.'


You could see a curse toe, an Orb Guardian, 3 deathcaps, 2 wandering mushrooms
and a golden eye.

Vanquished Creatures
  Gloorx Vloq (D)
  A greater mummy (D)
  the Lernaean hydra (D)
  A golden dragon (D)
  A hellephant (D)
  A deep elf master archer (D)
  3 quicksilver dragons (D)
  Murray (D)
  A deep elf blademaster (D)
  A kraken (D)
  Gastronok (D)
  A storm dragon (D)
  Roxanne (D)
  A draconian knight (D)
  A draconian shifter (D)
  A vampire knight (D)
  Nessos (D)
  A dire elephant (D)
  3 lorocyprocas (D)
  A crystal guardian (D)
  A fire dragon (D)
  A great orb of eyes (D)
  An ice dragon (D)
  Sonja (D)
  3 sixfirhies (D)
  2 death drakes (D)
  2 unseen horrors (D)
  A glowing orange brain (D)
  2 deep trolls (D)
  A harpy (D)
  An oklob plant (D)
  3 orc sorcerers (D)
  8 shining eyes (D)
  2 slime creatures (D)
  A merfolk siren (D)
  A toenail golem (D)
  An eye of devastation (D)
  An ice statue (D)
  2 spiny frogs (D)
  A yaktaur (D)
  2 tyrant leeches (D)
  3 polar bears (D)
  A hornet (D)
  A blink frog (D)
  5 hippogriffs (D)
  17 flying skulls (D)
  2 redbacks (D)
  3 yaks (D)
  Menkaure (D)
  3 neqoxecs (D)
  3 soldier ants (D)
  8 floating eyes (D)
  2 swamp drakes (D)
  3 black bears (D)
  4 crocodiles (D)
  9 electric eels (D)
  4 lava snakes (D)
  A jelly (D)
  4 orc priests (D)
  A spectral ball python (D)
  A spectral quokka (D)
  2 ballistomycetes (D)
  4 tentacles (D)
144 creatures vanquished.

Vanquished Creatures (collateral kills)
  2 sphinxes (D)
  4 shining eyes (D)
  A toenail golem (D)
  A flying skull (D)
  2 floating eyes (D)
10 creatures vanquished.

Vanquished Creatures (others)
  A neqoxec (D)
  A crocodile (D)
  2 ballistomycete spores (D)
  6 tentacles (D)
10 creatures vanquished.

Grand Total: 164 creatures vanquished

Notes
Turn   | Place    | Note
-------+----------+-------------------------------------------
     0 | D        | sanboga the Gargoyle Berserker began the quest for the Orb.
     0 | D        | Reached XP level 1. HP: 14/14 MP: 1/1
     1 | D        | Noticed a neqoxec
     3 | D        | Gained mutation: Scrolls take you a little longer to read. [a neqoxec]
     9 | D        | Killed a neqoxec
     9 | D        | Reached skill level 6 in Axes
     9 | D        | Reached skill level 5 in Armour
     9 | D        | Reached XP level 2. HP: 22/22 MP: 2/2
     9 | D        | Reached XP level 3. HP: 27/27 MP: 3/3
     9 | D        | Reached XP level 4. HP: 32/32 MP: 4/4
     9 | D        | Reached XP level 5. HP: 36/36 MP: 5/5
    31 | D        | Killed a crocodile
    64 | D        | Noticed a tyrant leech
    64 | D        | Noticed a tyrant leech
    68 | D        | Noticed a hippogriff
    68 | D        | Noticed a hippogriff
    78 | D        | Killed a hippogriff
    78 | D        | Reached skill level 8 in Axes
    78 | D        | Reached XP level 6. HP: 44/44 MP: 6/6
    88 | D        | Killed a hippogriff
    88 | D        | Reached ** piety under Trog
    88 | D        | Reached skill level 9 in Axes
    88 | D        | Reached XP level 7. HP: 10/50 MP: 7/7
   131 | D        | Killed a neqoxec
   206 | D        | Noticed a neqoxec
   218 | D        | Killed a neqoxec
   218 | D        | Reached skill level 10 in Axes
   271 | D        | Noticed a merfolk siren
   284 | D        | Killed a merfolk siren
   284 | D        | Reached *** piety under Trog
   284 | D        | Reached skill level 10 in Fighting
   284 | D        | Reached skill level 11 in Axes
   284 | D        | Reached XP level 8. HP: 37/57 MP: 8/8
   451 | D        | Found Zalluth's Antique Weapon Emporium.
   451 | D        | Found Fuesei's Book Emporium.
   451 | D        | Found Senyus's Food Emporium.
   451 | D        | Found Risi's Jewellery Shoppe.
   451 | D        | Found Ovinuq's Assorted Antiques.
   451 | D        | Found Baihoass's Jewellery Shoppe.
   451 | D        | Found Tokhlak's Gadget Emporium.
   451 | D        | Found Dedemaem's Book Emporium.
   451 | D        | Found Soneom's Antique Armour Shoppe.
   452 | D        | Found Nauxo's Distillery.
   452 | D        | Found Bilashri's Magic Scroll Shoppe.
   452 | D        | Found Tinn's Antique Armour Shoppe.
   452 | D        | Noticed a great orb of eyes
   452 | D        | Noticed a blink frog
   453 | D        | Found Ujus's Antique Armour Shoppe.
   453 | D        | Found Mut Damaexo's Distillery.
   453 | D        | Noticed an oklob plant
   457 | D        | Reached skill level 10 in Armour
   458 | D        | Found Giconk's Antique Weapon Shoppe.
   458 | D        | Found Xounox's Book Shoppe.
   472 | D        | Noticed a fire dragon
   492 | D        | Killed a blink frog
   492 | D        | Reached skill level 12 in Axes
   504 | D        | Noticed a flying skull
   505 | D        | Noticed a flying skull
   506 | D        | Noticed a flying skull
   508 | D        | Bought a glowing war axe for 156 gold pieces
   510 | D        | Noticed a flying skull
   517 | D        | Noticed a flying skull
   521 | D        | Bought a runed plate armour for 572 gold pieces
   776 | D        | Found a snail-covered altar of Cheibriados.
   777 | D        | Found a shadowy altar of Dithmenos.
   778 | D        | Found a white marble altar of Elyvilon.
   778 | D        | Found an ancient bone altar of Kikubaaqudgha.
   778 | D        | Found a roughly hewn altar of Beogh.
   778 | D        | Found a viscous altar of Jiyva.
   779 | D        | Found a blossoming altar of Fedhas.
   779 | D        | Found a corrupted altar of Lugonu.
   779 | D        | Found a deep blue altar of Sif Muna.
   780 | D        | Found an opulent altar of Gozag.
   780 | D        | Found a burning altar of Makhleb.
   780 | D        | Found a bloodstained altar of Trog.
   781 | D        | Found a sparkling altar of Nemelex Xobeh.
   781 | D        | Found a hide-covered altar of Uskayaw.
   782 | D        | Found an iron altar of Okawaru.
   782 | D        | Found a radiant altar of Vehumet.
   782 | D        | Found a glowing silver altar of Zin.
   783 | D        | Noticed a yaktaur
   783 | D        | Noticed a hornet
   783 | D        | Noticed a polar bear
   784 | D        | Noticed a polar bear
   784 | D        | Noticed a polar bear
   790 | D        | Killed a polar bear
   799 | D        | Killed a polar bear
   799 | D        | Reached **** piety under Trog
   799 | D        | Reached XP level 9. HP: 64/64 MP: 9/9
   800 | D        | Killed a hornet
   800 | D        | Reached skill level 13 in Axes
   800 | D        | Killed a polar bear
   807 | D        | Killed a yaktaur
   807 | D        | Reached ***** piety under Trog
   884 | D        | Found a basalt altar of Yredelemnul.
   885 | D        | Noticed Menkaure
   910 | D        | Noticed a kraken
   912 | D        | Killed Menkaure
   912 | D        | Reached skill level 14 in Axes
  1184 | D        | Killed a kraken
  1184 | D        | Received a gift from Trog
  1184 | D        | Reached skill level 15 in Axes
  1184 | D        | Reached XP level 10. HP: 31/73 MP: 10/10
  1410 | D        | Found a shimmering altar of Xom.
  1410 | D        | Found a sacrificial altar of Ru.
  1411 | D        | Found a glowing golden altar of the Shining One.
  1411 | D        | Found an ornate altar of the Wu Jian Council.
  1411 | D        | Found a stormy altar of Qazlal.
  1427 | D        | Noticed a deep troll
  1428 | D        | Noticed a deep troll
  1432 | D        | Killed a deep troll
  1437 | D        | Killed a deep troll
  1578 | D        | Noticed a sphinx
  1578 | D        | Noticed a sphinx
  1579 | D        | Paralysed by a sphinx for 3 turns
  1585 | D        | Killed a sphinx
  1585 | D        | Reached skill level 16 in Axes
  1586 | D        | Killed a sphinx
  1586 | D        | Reached XP level 11. HP: 59/80 MP: 11/11
  1621 | D        | Found a hazy altar of Hepliaklqana.
  1643 | D        | Noticed a sixfirhy
  1644 | D        | Received a gift from Trog
  2216 | D        | Received a gift from Trog
  2225 | D        | Noticed a sixfirhy
  2228 | D        | Noticed a sixfirhy
  2235 | D        | Found Umiuro's Book Shoppe.
  2236 | D        | Found Waovyoni's Jewellery Boutique.
  2291 | D        | Killed a sixfirhy
  2303 | D        | Killed a sixfirhy
  2303 | D        | Reached skill level 17 in Axes
  2310 | D        | Killed a sixfirhy
  2310 | D        | Reached skill level 15 in Fighting
  2411 | D        | Noticed Gastronok
  2427 | D        | Killed Gastronok
  2427 | D        | Reached skill level 15 in Armour
  2437 | D        | Noticed a dire elephant
  2437 | D        | Noticed an orc sorcerer
  2437 | D        | Noticed an orc sorcerer
  2437 | D        | Noticed an orc sorcerer
  2438 | D        | Noticed a sun demon
  2444 | D        | Killed a dire elephant
  2444 | D        | Received a gift from Trog
  2446 | D        | Killed an orc sorcerer
  2446 | D        | Reached skill level 18 in Axes
  2455 | D        | Killed an orc sorcerer
  2460 | D        | Killed an orc sorcerer
  2610 | D        | Received a gift from Trog
  2610 | D        | Reached ****** piety under Trog
  2610 | D        | Received a gift from Trog
  2625 | D        | Got a translucent crystal amulet
  2658 | D        | Identified a scroll of acquirement
  2666 | D        | Identified the amulet "Jiala" {Faith Int+6} (You found it in the Dungeon)
  2670 | D        | Reached XP level 12. HP: 88/88 MP: 0/12
  2919 | D        | Noticed a crystal guardian
  2923 | D        | Reached XP level 13. HP: 88/93 MP: 13/13
  2928 | D        | Killed a crystal guardian
  2928 | D        | Reached skill level 19 in Axes
  3069 | D        | Received a gift from Trog
  3097 | D        | Noticed a deep elf master archer
  3159 | D        | Killed a deep elf master archer
  3352 | D        | Noticed an ice dragon
  3357 | D        | Received a gift from Trog
  3359 | D        | Killed an ice dragon
  3363 | D        | Reached skill level 20 in Axes
  3393 | D        | Gained mutation: Your large and strong wings let you fly indefinitely. [Gargoyle growth]
  3393 | D        | Reached XP level 14. HP: 96/102 MP: 14/14
  3395 | D        | Received a gift from Trog
  3402 | D        | Got a steaming jade ring
  3404 | D        | Identified the ring "Qenkui" {rC+ Str+5 Int+3 Dex-3 Stlth+} (You found it in the Dungeon)
  3519 | D        | Bought the cursed +14 obsidian axe {chop, +Fly SInv *Curse} for 2071 gold pieces
  3519 | D        | Found the cursed +14 obsidian axe {chop, +Fly SInv *Curse}
  3524 | D        | Bought a scroll of remove curse for 42 gold pieces
  3524 | D        | Bought a scroll of remove curse for 42 gold pieces
  3593 | D        | Received a gift from Trog
  3608 | D        | Noticed a green draconian knight
  3612 | D        | Noticed the 27-headed Lernaean hydra
  3623 | D        | Received a gift from Trog
  3639 | D        | Reached skill level 21 in Axes
  3688 | D        | Killed a green draconian knight
  3706 | D        | Received a gift from Trog
  3718 | D        | Killed the 26-headed Lernaean hydra
  3752 | D        | Found Peate's Antique Weapon Shoppe.
  3768 | D        | Found the +3 pair of gauntlets of War {Slay+5}
  3777 | D        | Received a gift from Trog
  3983 | D        | Noticed Roxanne
  3997 | D        | Killed Roxanne
  4004 | D        | Received a gift from Trog
  4015 | D        | Noticed a golden dragon
  4044 | D        | Killed a golden dragon
  4044 | D        | Reached skill level 22 in Axes
  4044 | D        | Reached XP level 15. HP: 57/110 MP: 15/15
  4068 | D        | Lost mutation: Scrolls take you a little longer to read. [potion of mutation]
  4068 | D        | Gained mutation: You passively map a small area around you. [potion of mutation]
  4068 | D        | Gained mutation: Your spells are a little easier to cast, but a little less powerful. [potion of mutation]
  4068 | D        | Lost mutation: Your spells are a little easier to cast, but a little less powerful. [potion of mutation]
  4068 | D        | Gained mutation: You are partially covered in slimy green scales. (AC +2) [potion of mutation]
  4232 | D        | Found Meoqimif's Magic Scroll Boutique.
  4232 | D        | Found Duryot's General Store.
  4232 | D        | Found Faocineu's Jewellery Emporium.
  4232 | D        | Found Igrud's Assorted Antiques.
  4232 | D        | Noticed a storm dragon
  4242 | D        | Killed a storm dragon
  4244 | D        | Bought a scroll of acquirement for 624 gold pieces
  4347 | D        | Found Gocaz's Food Emporium.
  4349 | D        | Found Durchaot's Magic Scroll Shoppe.
  4353 | D        | Noticed Nessos
  4361 | D        | Killed Nessos
  4376 | D        | Bought a ration for 55 gold pieces
  4376 | D        | Bought a ration for 55 gold pieces
  4376 | D        | Bought a ration for 55 gold pieces
  4376 | D        | Bought a ration for 55 gold pieces
  4445 | D        | Noticed a deep elf blademaster
  4449 | D        | Received a gift from Trog
  4463 | D        | Killed a deep elf blademaster
  4507 | D        | Found the +8 frozen axe "Frostbite" {freezing cloud, *Noise +Fly rC+}
  4531 | D        | Paralysed by a floating eye for 2 turns
  4532 | D        | Gained mutation: You tend to lose your temper in combat. [a shining eye]
  4532 | D        | Gained mutation: You expend magic power (3 MP) to strengthen your wands. [a shining eye]
  4533 | D        | Received a gift from Trog
  4533 | D        | Gained mutation: You are clumsy. (Dex -2) [a shining eye]
  4534 | D        | Gained mutation: You are very clumsy. (Dex -4) [a shining eye]
  4534 | D        | Gained mutation: You have a beak for a mouth. [a shining eye]
  4535 | D        | Received a gift from Trog
  4535 | D        | Gained mutation: You occasionally shout uncontrollably at your foes. [a shining eye]
  4536 | D        | Reached skill level 23 in Axes
  4537 | D        | Gained mutation: Scrolls take you a little longer to read. [a shining eye]
  4538 | D        | Received a gift from Trog
  4539 | D        | Gained mutation: Your spells are a little easier to cast, but a little less powerful. [a shining eye]
  4541 | D        | Gained mutation: Scrolls take you longer to read. [a shining eye]
  4580 | D        | Lost mutation: You expend magic power (3 MP) to strengthen your wands. [potion of mutation]
  4580 | D        | Lost mutation: Scrolls take you longer to read. [potion of mutation]
  4580 | D        | Lost mutation: You occasionally shout uncontrollably at your foes. [potion of mutation]
  4580 | D        | Gained mutation: You have a pair of small horns on your head. [potion of mutation]
  4580 | D        | Lost mutation: Scrolls take you a little longer to read. [potion of mutation]
  4580 | D        | Gained mutation: You are robust. (+10% HP) [potion of mutation]
  4585 | D        | Noticed a quicksilver dragon
  4590 | D        | Noticed a quicksilver dragon
  4598 | D        | Killed a quicksilver dragon
  4598 | D        | Received a gift from Trog
  4599 | D        | Killed a quicksilver dragon
  4738 | D        | Noticed a quicksilver dragon
  4742 | D        | Killed a quicksilver dragon
  4819 | D        | Reached skill level 24 in Axes
  4928 | D        | Noticed a purple draconian shifter
  4928 | D        | Noticed a hellephant
  4932 | D        | Noticed Sonja
  4941 | D        | Killed a purple draconian shifter
  4942 | D        | Killed Sonja
  4942 | D        | Received a gift from Trog
  4953 | D        | Killed a hellephant
  5224 | D        | Noticed Murray
  5230 | D        | Killed Murray
  5255 | D        | Got the Orb of Zot
  5261 | D        | Noticed Gloorx Vloq
  5261 | D        | Noticed a greater mummy
  5263 | D        | Paralysed by a vampire knight for 3 turns
  5267 | D        | Noticed an Executioner
  5267 | D        | Noticed an Executioner
  5267 | D        | Noticed a curse toe
  5269 | D        | Noticed an Executioner
  5279 | D        | Noticed an Executioner
  5279 | D        | Noticed an Executioner
  5280 | D        | Killed Gloorx Vloq
  5280 | D        | Reached skill level 25 in Axes
  5280 | D        | Reached XP level 16. HP: 21/134 MP: 4/16
  5282 | D        | Killed a greater mummy
  5282 | D        | Received a gift from Trog
  5282 | D        | Lost dexterity.
  5282 | D        | HP: 6/135 [deathcap[a curse toe] (4)]
  5284 | D        | Noticed an Orb Guardian
  5289 | D        | HP: 1/135 [deathcap/drain life[a curse toe] (8)]
  5292 | D        | Mangled by a wandering mushroom

Skill      XL: |  1  2  3  4  5  6  7  8  9 10 11 12 13 14 15 16 |
---------------+-------------------------------------------------+-----
Fighting       | 6 7 8 10 11 13 14 15 16 17 18 21 22 | 22.1
Axes           | 6 8 9 11 12 15 16 18 20 22 25 | 25.7
Armour         | 5 7 8 9 11 13 14 15 17 18 21 22 | 22.0
Dodging        | |  1.5

Action                   |  1- 3 |  4- 6 |  7- 9 | 10-12 | 13-15 | 16-18 || total
-------------------------+-------+-------+-------+-------+-------+-------++-------
Melee: Hand axe          |     6 |    19 |    43 |       |       |       ||    68
       War axe           |       |       |    56 |   126 |       |       ||   182
       Executioner's axe |       |       |       |    16 |   101 |     5 ||   122
       Broad axe         |       |       |       |       |   107 |       ||   107
       Headbutt          |       |       |       |       |    11 |     2 ||    13
       Peck              |       |       |       |       |     9 |       ||     9
Invok: Berserk           |     1 |     1 |     5 |     4 |     5 |       ||    16
       Brothers in Arms  |       |       |       |     2 |     1 |       ||     3
       Burn Spellbooks   |       |       |       |     1 |     4 |       ||     5
 Abil: Fly               |       |       |       |       |     1 |       ||     1
  Use: Potion            |       |       |     6 |     4 |     9 |     3 ||    22
       Scroll            |       |       |     8 |     1 |     6 |       ||    15
 Stab: Distracted        |       |       |       |       |     2 |       ||     2
       Betrayed ally     |       |       |       |       |     1 |       ||     1
  Eat: Chunk             |       |       |     6 |     1 |     5 |       ||    12
       Ration            |       |       |       |     3 |     2 |       ||     5
Armor: Animal skin       |       |     8 |     4 |       |       |       ||    12
       Plate armour      |       |       |    51 |   100 |    83 |       ||   234
       Gold dragon scale |       |       |       |       |   136 |    17 ||   153
Dodge: Dodged            |     1 |     8 |    39 |    67 |    74 |       ||   189
